 Dungeon Crawl Stone Soup version 0.28-a0-769-g550dbda0cd (webtiles) character file.

Game seed: 4152660791821622401

30 willcat the Sneak (level 3, 0/29 HPs)
             Began as a Demonspawn Delver on Oct 31, 2021.
             Succumbed to a scorpion's poison
             ... on level 6 of the Dungeon.
             The game lasted 00:00:39 (136 turns).

willcat the Sneak (Demonspawn Delver)                Turns: 136, Time: 00:00:40

Health: 0/29       AC:  5    Str: 13    XL:     3   Next: 3%
Magic:  3/3        EV: 12    Int: 11    God:
Gold:   11         SH:  0    Dex: 14    Spells: 2/2 levels left

rFire   . . .      SeeInvis .   a - +0 short sword
rCold   . . .      Faith    .   (no shield)
rNeg    . . .      Spirit   .   b - +0 leather armour
rPois   .          Reflect  .   (no helmet)
rElec   .          Harm     .   (no cloak)
rCorr   .          Rampage  .   (no gloves)
Will    .....                   (no boots)
Stlth   +++.......              (no amulet)
HPRegen 0.09/turn               (no ring)
MPRegen 0.08/turn               (no ring)

@: lethally poisoned (0 -> -8)
A: icy blue scales 1
a: no special abilities


You were on level 6 of the Dungeon.
You visited 1 branch of the dungeon, and saw 2 of its levels.

You collected 11 gold pieces.

Inventory:

Hand Weapons
 a - a +0 short sword (weapon)
Missiles
 h - 7 poisoned darts (quivered)
Armour
 b - a +0 leather armour (worn)
Wands
 g - a wand of digging (3)
Scrolls
 c - a scroll of fog
 d - a scroll of magic mapping
Potions
 f - a potion of haste


   Skills:
 - Level 3.0 Fighting
 + Level 2.3 Short Blades
 + Level 2.3 Dodging
 + Level 4.8 Stealth


You had 2 spell levels left.
You didn't know any spells.
Your spell library was empty.

Dungeon Overview and Level Annotations

Branches:
Dungeon (6/15)
 Temple: D:4-7

Altars:


Innate Abilities, Weirdness & Mutations

You are partially covered in icy blue scales. (AC +2)


Message History

Your experience leads to an increase in your attributes!
Increase (S)trength, (I)ntelligence, or (D)exterity?
You feel stronger.
Unknown command.
You see here a hound corpse.
There are no items here.
h - 10 poisoned darts (gained 3)
There are no items here.
You start resting.
A hound is nearby!
There is a stone staircase leading up here.
You see here a +0 hunting sling.
You start resting.
A scorpion comes into view.
The scorpion stings you but does no damage.
There is a stone staircase leading up here.
Throw: 10 darts (poison)
Press: ? - help, Q - select action Shift-Dir - straight line, f - scorpion
Aim: a scorpion (59% to hit)
You throw a poisoned dart.
The poisoned dart barely misses the scorpion.
The scorpion stings you.
* * * LOW HITPOINT WARNING * * *
Unknown command.
Throw: 9 darts (poison)
Press: ? - help, Q - select action Shift-Dir - straight line, f/p - scorpion
Aim: a scorpion (59% to hit)
You throw a poisoned dart.
The poisoned dart closely misses the scorpion.
The scorpion stings you.
* * * LOW HITPOINT WARNING * * *
You are lethally poisoned!
The scorpion poisons you!
Unknown command.
Throw: 8 darts (poison)
Press: ? - help, Q - select action Shift-Dir - straight line, f/p - scorpion
Aim: a scorpion (59% to hit)
You throw a poisoned dart.
The poisoned dart barely misses the scorpion.
You die...

... ##..h #.......
#####..#.#..#
#.#.........
##s#..#.##...#### ##.#
#.#.##.#....###
#.#####.s##....#.(..
##.)....#@........# #
#.....###......#.#.#
#......#.....###.#.#####
#.....#.##...###........
#.....####.......#
##.#######.#####.# # #.#
#.......##.# .# #.#
#..>....##.# ..# #.#
#.......##†##...##.


You could see a scorpion.

Vanquished Creatures
  A hound (D:6)
1 creature vanquished.

Notes
Turn   | Place    | Note
-------+----------+-------------------------------------------
     0 | D:5      | willcat the Demonspawn Delver began the quest for the Orb.
     0 | D:5      | Reached XP level 1. HP: 18/18 MP: 1/1
     3 | D:5      | Noticed an ogre
    24 | D:6      | Noticed a hound
    34 | D:6      | Noticed a hound
    53 | D:6      | Killed a hound
    54 | D:6      | Gained mutation: You are partially covered in icy blue
                  | scales. (AC +2) [demonic ancestry]
    54 | D:6      | Reached XP level 2. HP: 1/24 MP: 2/2
    54 | D:6      | Reached XP level 3. HP: 1/29 MP: 3/3
   124 | D:6      | Noticed a scorpion
   136 | D:6      | Succumbed to a scorpion's poison

Illustrated notes

Levels and vault maps discovered:
D:5:      layout_rooms
D:6:      layout_loops_cross, ashenzari_conservatory_becter

Skill      XL: |  1 |
---------------+----+-----
Short Blades   | 2 |  2.3
Dodging        | 2 |  2.3
Fighting       | |  3.0
Stealth        | |  4.8

Action                   || total
-------------------------++-------
Melee: Short sword       ||     4
Throw: Dart              ||    10
  Use: Scroll            ||     1
Armor: Leather armour    ||     1
Dodge: Dodged            ||    13

Table legend: (Time is in decaauts)
 A = Elapsed time spent in this place.
 B = Non-inter-level travel time spent in this place.
 C = Inter-level travel time spent in this place.
 D = Time resting spent in this place.
 E = Time spent auto-exploring this place.
 F = Levels seen in this place.
 G = Mean time per level.
                   A        B        C        D        E       F      G
               +--------+--------+--------+--------+--------+-----+--------+
         Total |    135 |    135 |      0 |     50 |     12 |   2 |   67.5 |
       Dungeon |    135 |    135 |      0 |     50 |     12 |   2 |   67.5 |
               +--------+--------+--------+--------+--------+-----+--------+

Top non-repeatable levels by time:
     D:6: 123 daAuts
     D:5: 12 daAuts
